 Dungeon Crawl Stone Soup version 0.19.1-1-g22dce08 (webtiles) character file.

81743 kae the Impaler (level 15, -38/148 HPs)
             Began as a Naga Fighter on Dec 30, 2016.
             Was the Champion of Cheibriados.
             Annihilated by an enormous slime creature (52 damage)
             ... on level 12 of the Dungeon.
             The game lasted 00:31:57 (25533 turns).

kae the Impaler (Naga Fighter)                     Turns: 25533, Time: 00:31:58

Health: -38/148    AC: 29    Str: 44    XL:     15   Next: 71%
Magic:  8/24       EV:  6    Int: 24    God:    Cheibriados [******]
Gold:   1062       SH:  3    Dex: 29    Spells: 0 memorised, 14 levels left

rFire  . . .     SeeInvis +     a - +4 glaive (venom)
rCold  + . .     Gourm    .     Y - +0 scale mail {MR+}
rNeg   . . .     Faith    .     (shield currently unavailable)
rPois  +         Spirit   .     D - +2 helmet
rElec  +         Reflect  +     G - +2 cloak {MR+}
rCorr  .         Harm     .     L - +1 pair of gloves
MR     +++..     Rnd*Tele +     P - +4 naga barding
Stlth  +.........               F - +3 amulet of reflection
                                I - +5 ring of strength
                                r - ring "Sipogrie" {*Tele rElec rC+ Dex+3 SInv}

@: lethally poisoned (-38 -> -38), very slow
A: see invisible, deformed body, poison resistance, slowness 2, slow metabolism
1, spit poison 1, constrict 1, AC +5
a: Spit Poison, Bend Time, Temporal Distortion, Slouch, Step From Time, Renounce
Religion


You were on level 12 of the Dungeon.
You worshipped Cheibriados.
Cheibriados was exalted by your worship.
You were near starving.

You visited 3 branches of the dungeon, and saw 19 of its levels.
You also visited: Ossuary and Ice Cave.

You collected 1361 gold pieces.
You spent 299 gold pieces at shops.

Inventory:

Hand Weapons
 a - a +4 glaive of venom (weapon)
 b - the +0 trident of Boashae {pierce, rElec rPois rC+}
   (You found it on level 8 of the Dungeon)

   It inflicts extra damage upon your enemies.
   It protects you from cold.
   It insulates you from electricity.
   It protects you from poison.
Armour
 D - a +2 helmet (worn)
 G - a +2 cloak of magic resistance (worn)
 L - a +1 pair of gloves (worn)
 P - a +4 naga barding (worn)
 Y - a +0 scale mail of magic resistance (worn)
Jewellery
 r - the ring "Sipogrie" (left hand) {*Tele rElec rC+ Dex+3 SInv}
   (You found it on level 6 of the Lair of Beasts)

   [ring of teleportation]

   It may teleport you next to monsters.
   It affects your dexterity (+3).
   It protects you from cold.
   It insulates you from electricity.
   It lets you see invisible.
 s - an uncursed ring of protection from cold
 x - an uncursed ring of protection from magic
 C - an uncursed ring of protection from fire
 F - a +3 amulet of reflection (around neck)
 I - a +5 ring of strength (right hand)
 M - a cursed ring of flight {unknown}
Wands
 d - a wand of digging (21/24)
 l - a wand of teleportation (6/9)
 z - a wand of iceblast (6/15)
Scrolls
 i - 4 scrolls of fog
 j - 3 scrolls of magic mapping
 p - 6 scrolls of identify
 t - 3 scrolls of immolation
 u - 5 scrolls of remove curse
 v - a scroll of recharging
 y - a scroll of amnesia {unknown}
 B - 11 scrolls of teleportation
 J - 3 scrolls of blinking
 W - 2 scrolls of fear
Potions
 e - a potion of resistance
 h - 5 potions of flight
 k - 6 potions of agility
 m - a potion of berserk rage
 n - 7 potions of curing
 q - 5 potions of mutation
 w - 5 potions of ambrosia
 A - 3 potions of might
 H - 2 potions of heal wounds
 K - 5 potions of brilliance
 O - a potion of haste
 R - 2 potions of cure mutation
 V - 2 potions of invisibility
Comestibles
 c - 3 meat rations
 f - 12 bread rations
 g - 11 slices of pizza
 o - 5 fruits
 E - a beef jerky


   Skills:
 + Level 13.4 Fighting
 * Level 17.6 Polearms
 + Level 8.7 Armour
   Level 2.4 Shields
 + Level 13.0 Invocations


You had 14 spell levels left.
You didn't know any spells.

Dungeon Overview and Level Annotations

Branches:
Dungeon (12/15)            Temple (1/1) D:4            Lair (6/6) D:10
  Swamp (0/4) Lair:4        Snake (0/4) Lair:3        Slime (0/5) Lair:6
    Orc (0/2) D:12

Altars:
Ashenzari
Cheibriados
Dithmenos
Elyvilon
Fedhas
Gozag
Hepliaklqana
Kikubaaqudgha
Makhleb
Nemelex Xobeh
Okawaru
Qazlal
Ru
Sif Muna
Trog
Uskayaw
Vehumet
Xom
Yredelemnul
Zin
The Shining One

Shops:
D:9 [*   D:12 [(


Innate Abilities, Weirdness & Mutations

You cannot wear boots.
Your serpentine skin is tough. (AC +5)
You have supernaturally acute eyesight. (SInv)
Armour fits poorly on your strangely shaped body.
Your system is resistant to poisons. (rPois)
You cover ground very slowly.
You have a slow metabolism.
You can spit poison.
You can use your snake-like lower body to constrict enemies.


Message History

* * * LOW HITPOINT WARNING * * *
Two slime creatures merge to form a large slime creature.
The slime creature hits you but does no damage.
You see here a tomahawk.
You feel sick.
A large slime creature splits.
Two slime creatures merge to form a large slime creature.
Two slime creatures merge to form a very large slime creature.
Two slime creatures merge to form an enormous slime creature.
Items here: ( ))) [[
Okay, then.
You're too hungry.
You start eating one of the 6 fruits.
You are near starving!
Mmm - a full handful of figs!
You can feel time thicken for a moment.
You kill the slime creature!
Cheibriados appreciates the change of pace.
You feel somewhat more hungry.
You feel sick. The enormous slime creature hits you!!!
You die...

#.......[.............>..#.......
#........#######.#####...##..##..
.).......# #..............####...
)<)..∩...###.###.#####...[...(...
[)).......##.#.....(....#####.##.
.....>......#.....####..# #.##.
..........##.#.#### #..#####<##.
.....∩.........#######.........).
..........###(.J@.).....#######..
..........# #(.#######..# #..
..........# #>..........# #..
...............#######.########..
#.........#.##.# #.##........
###########.##.# #####....#######
# ##.. .........# ### ########.#
#.#


You could see an enormous slime creature.

Vanquished Creatures
  The ghost of flopdemafkees the Spry, a journeyman MfGl of Ashenzari (Lair:5)
  A fire dragon (Lair:6)
  5 hydras
  The ghost of Quirk the Fighter, a journeyman DsFi of Okawaru (IceCv)
  A catoblepas (Lair:2)
  A centaur warrior (D:10)
  5 death yaks (Lair:6)
  A fire crab (Lair:6)
  A necromancer (IceCv)
  3 hill giants
  A lindwurm (Lair:6)
  Pikel (D:7)
  A deep elf mage (D:12)
  4 ugly things
  A manticore (D:10)
  2 ice statues (IceCv)
  16 black mambas
  3 molten gargoyles (Lair:6)
  9 elephants
  A gargoyle (D:10)
  22 spiny frogs
  3 orange demons (D:12)
  A kobold demonologist (D:12)
  14 komodo dragons
  4 centaur skeletons
  8 rime drakes
  A freezing wraith (D:10)
  2 hellwings (D:11)
  7 ice devils (IceCv)
  A tyrant leech (Lair:4)
  2 polar bears
  3 red devils (D:12)
  A queen bee (Lair:3)
  2 trolls
  2 hornets (D:8)
  Prince Ribbit (D:7)
  2 two-headed ogres
  28 blink frogs
  6 slime creatures
  11 dream sheep
  14 hippogriffs
  A spriggan (D:8)
  8 wyverns
  40 yaks
  A wraith (D:11)
  Eustachio (D:5)
  The ghost of Exporg the Chopper, an amateur MiBe of Trog (D:3)
  9 basilisks
  Edmund (D:6)
  A swamp worm (Lair:4)
  3 nagas (Lair:3)
  15 water moccasins
  4 hell hounds (Lair:6)
  10 porcupines
  A sky beast (D:7)
  A hornet zombie (D:9)
  7 ice beasts
  A black bear (Lair:3)
  12 orc warriors
  6 necrophages
  19 wolves
  5 ogres
  3 phantoms
  5 centaurs
  14 crocodiles
  2 big kobolds (D:10)
  20 bullfrogs
  A wyvern skeleton (D:11)
  4 scorpions
  A wight (D:10)
  34 killer bees
  2 electric eels
  A howler monkey (D:7)
  4 lava snakes (Lair:6)
  4 crimson imps
  2 draconian simulacra (IceCv)
  5 centaur zombies
  A bullfrog zombie (D:9)
  3 jellies
  8 orc priests
  Crazy Yiuf (D:2)
  10 hounds
  29 orc wizards
  Jessica (D:2)
  3 iguanas
  3 bullfrog skeletons
  6 hell rats (Lair:2)
  11 worker ants
  2 troll simulacra (IceCv)
  A spriggan simulacrum (IceCv)
  2 big kobold zombies (Ossuary)
  A centaur simulacrum (IceCv)
  A hound skeleton (D:6)
  6 mummies
  A howler monkey zombie (D:8)
  Robin (D:4)
  3 gnolls (D:3)
  7 adders
  2 ogre simulacra (IceCv)
  2 howler monkey skeletons
  2 naga simulacra (IceCv)
  5 shadow imps
  12 white imps (D:11)
  An ooze (D:3)
  2 adder zombies
  3 worms (D:2)
  An adder skeleton (D:4)
  A dart slug (D:1)
  7 leopard geckos
  58 orcs
  4 bats
  4 giant cockroaches
  13 goblins
  6 hobgoblins
  12 jackals
  14 kobolds
  3 quokkas
  7 frilled lizards
  A gnoll zombie (Ossuary)
  2 goblin zombies (Ossuary)
  A kobold zombie (Ossuary)
  A leopard gecko skeleton (D:9)
  2 leopard gecko zombies
  7 rats
  A fungus (Lair:6)
718 creatures vanquished.

Vanquished Creatures (collateral kills)
  A fungus (Lair:4)
1 creature vanquished.

Vanquished Creatures (others)
  A wizard (D:8)
  Duvessa (D:7)
  A hell hound (Lair:6)
  2 slaves (D:7)
  A centaur (D:8)
  Dowan (D:7)
  An orc wizard (D:8)
  A worker ant (D:7)
  An adder (D:7)
  A leopard gecko (D:7)
  A kobold (D:10)
  17 fungi
  11 plants
  A withered plant (D:11)
41 creatures vanquished.

Grand Total: 760 creatures vanquished

Notes
Turn   | Place    | Note
-------+----------+-------------------------------------------
     0 | D:1      | kae the Naga Fighter began the quest for the Orb.
     0 | D:1      | Reached XP level 1. HP: 21/21 MP: 1/1
   171 | D:1      | Reached XP level 2. HP: 8/28 MP: 2/2
   986 | D:2      | Reached XP level 3. HP: 31/34 MP: 3/3
  1079 | D:2      | Reached skill level 3 in Polearms
  1107 | D:2      | Noticed Jessica
  1116 | D:2      | Killed Jessica
  1117 | D:2      | Reached XP level 4. HP: 40/44 MP: 4/4
  1146 | D:2      | HP: 1/44 [worm (7)]
  1651 | D:2      | Found a runed door.
  1703 | D:2      | Reached skill level 4 in Polearms
  1953 | D:2      | Found a burning altar of Makhleb.
  1998 | D:2      | Reached XP level 5. HP: 50/50 MP: 5/5
  2153 | D:2      | Noticed Crazy Yiuf
  2158 | D:2      | Killed Crazy Yiuf
  2237 | D:3      | Noticed Exporg's ghost (amateur MiBe)
  2728 | D:3      | Found a faded altar of an unknown god.
  2760 | D:3      | Killed Exporg's ghost
  2760 | D:3      | Reached skill level 5 in Polearms
  2760 | D:3      | Reached XP level 6. HP: 42/58 MP: 6/6
  3056 | D:4      | Found a sand-covered staircase.
  3087 | Ossuary  | Entered an ossuary
  3144 | Ossuary  | Reached skill level 6 in Polearms
  3148 | Ossuary  | Reached skill level 5 in Fighting
  3148 | Ossuary  | Reached XP level 7. HP: 51/67 MP: 7/7
  3659 | D:4      | Found a staircase to the Ecumenical Temple.
  3702 | D:4      | Reached skill level 7 in Polearms
  3718 | Temple   | Entered the Ecumenical Temple
  3911 | Temple   | Became a worshipper of Cheibriados the Contemplative
  4268 | D:4      | Noticed Robin
  4297 | D:4      | Killed Robin
  4681 | D:5      | Entered Level 5 of the Dungeon
  4817 | D:5      | Reached * piety under Cheibriados
  4817 | D:5      | Reached skill level 1 in Invocations
  4817 | D:5      | Reached XP level 8. HP: 72/76 MP: 8/8
  4822 | D:5      | Found a shadowy altar of Dithmenos.
  4983 | D:5      | Noticed Eustachio
  5032 | D:5      | Killed Eustachio
  5519 | D:6      | Reached skill level 8 in Polearms
  5555 | D:6      | Found a sacrificial altar of Ru.
  6015 | D:6      | Reached ** piety under Cheibriados
  6015 | D:6      | Reached XP level 9. HP: 83/85 MP: 11/11
  6085 | D:6      | Reached skill level 9 in Polearms
  6096 | D:6      | Noticed Edmund
  6109 | D:6      | Killed Edmund
  6386 | D:7      | Noticed Pikel
  6416 | D:7      | Killed Pikel
  6416 | D:7      | Reached skill level 5 in Invocations
  6682 | D:7      | Noticed Prince Ribbit
  6693 | D:7      | Killed Prince Ribbit
  6693 | D:7      | Reached skill level 10 in Polearms
  6694 | D:7      | Found a sacrificial altar of Ru.
  6734 | D:7      | Killed Dowan
  6776 | D:7      | Killed Duvessa
  7071 | D:7      | Found a hide-covered altar of Uskayaw.
  7356 | D:8      | Reached *** piety under Cheibriados
  7368 | D:8      | Noticed a hornet
  7393 | D:8      | Killed a hornet
  7393 | D:8      | Reached XP level 10. HP: 68/96 MP: 14/14
  7953 | D:8      | Found a bloodstained altar of Trog.
  7956 | D:8      | Noticed a wizard
  7960 | D:8      | Killed a wizard
  8595 | D:8      | Got a slimy trident
  8596 | D:8      | Identified the cursed +0 trident of Boashae {pierce, rElec rPois rC+} (You found it on level 8 of the Dungeon)
  8802 | D:8      | Reached skill level 11 in Polearms
  8816 | D:8      | Reached **** piety under Cheibriados
  9330 | D:9      | Found Taginot's Elemental Accessories.
  9346 | D:9      | Noticed a hill giant
  9356 | D:9      | Killed a hill giant
  9516 | D:9      | Reached ***** piety under Cheibriados
  9570 | D:9      | Found Puesy's Armour Shop.
  9575 | D:9      | Bought a +0 naga barding for 299 gold pieces
  9622 | D:9      | Reached XP level 11. HP: 76/106 MP: 16/16
  9625 | D:9      | Reached skill level 12 in Polearms
 10567 | D:10     | Entered Level 10 of the Dungeon
 10725 | D:10     | Found a staircase to the Lair.
 10741 | D:10     | Found a large runed door.
 10742 | D:10     | Found a large runed door.
 10782 | D:10     | Found a large runed door.
 10782 | D:10     | Found a large runed door.
 10812 | D:10     | Noticed a hill giant
 10818 | D:10     | Killed a hill giant
 11067 | D:10     | Noticed a hill giant
 11076 | D:10     | Killed a hill giant
 11317 | D:10     | Reached ****** piety under Cheibriados
 11360 | D:10     | Reached skill level 13 in Polearms
 11453 | D:10     | Noticed a manticore
 11458 | D:10     | Killed a manticore
 11458 | D:10     | Reached skill level 10 in Fighting
 12130 | D:10     | Noticed a centaur warrior
 12134 | D:10     | Killed a centaur warrior
 12134 | D:10     | Reached XP level 12. HP: 102/116 MP: 18/18
 12333 | Lair:1   | Entered Level 1 of the Lair of Beasts
 12334 | Lair:1   | Identified a scroll of acquirement
 13841 | Lair:2   | You fall through a shaft!
 13940 | Lair:2   | Reached skill level 14 in Polearms
 14217 | Lair:2   | Noticed a five-headed hydra
 14226 | Lair:2   | Killed a five-headed hydra
 14503 | Lair:2   | Reached skill level 5 in Armour
 14575 | Lair:2   | Noticed a four-headed hydra
 14587 | Lair:2   | Killed a four-headed hydra
 14587 | Lair:2   | Reached skill level 10 in Invocations
 15626 | Lair:2   | Gained mutation: You can use your snake-like lower body to constrict enemies. [Naga growth]
 15626 | Lair:2   | Reached XP level 13. HP: 127/127 MP: 20/20
 15976 | Lair:3   | Found a staircase to the Snake Pit.
 16478 | Lair:3   | Reached skill level 15 in Polearms
 17406 | Lair:4   | Found a staircase to the Swamp.
 18735 | Lair:5   | Noticed flopdemafkees's ghost (journeyman MfGl)
 18754 | Lair:5   | Killed flopdemafkees's ghost
 19061 | Lair:5   | Reached XP level 14. HP: 124/138 MP: 22/22
 19789 | Lair:5   | Found a sparkling altar of Nemelex Xobeh.
 20055 | Lair:6   | Entered Level 6 of the Lair of Beasts
 20073 | Lair:6   | Reached skill level 16 in Polearms
 20773 | Lair:6   | Found a staircase to the Slime Pits.
 21946 | Lair:6   | Reached XP level 15. HP: 71/146 MP: 24/24
 22172 | Lair:6   | Found a large runed door.
 22173 | Lair:6   | Found a large runed door.
 22799 | Lair:6   | Reached skill level 17 in Polearms
 23022 | Lair:6   | Got a shimmering lead ring
 23041 | Lair:6   | Identified the ring "Sipogrie" {*Tele rElec rC+ Dex+3 SInv} (You found it on level 6 of the Lair of Beasts)
 23795 | D:11     | Found a frozen archway.
 23819 | IceCv    | Entered an ice cave
 23886 | IceCv    | Noticed Quirk's ghost (journeyman DsFi)
 23892 | IceCv    | Killed Quirk's ghost
 25165 | D:12     | Found Linn's Armour Shop.
 25165 | D:12     | Found a staircase to the Orcish Mines.
 25165 | D:12     | Found Labas's Weapon Shop.
 25533 | D:12     | Annihilated by an enormous slime creature

Skill      XL: |  1  2  3  4  5  6  7  8  9 10 11 12 13 14 15 |
---------------+----------------------------------------------+-----
Polearms       | 3 4 5 6 7 8 10 11 13 14 15 16 17 | 17.6
Fighting       | 4 5 6 8 9 10 11 12 13 | 13.4
Invocations    | 1 3 5 7 9 10 11 12 13 | 13.0
Armour         | 3 5 6 7 8 |  8.7
Shields        | |  2.4

Action                   |  1- 3 |  4- 6 |  7- 9 | 10-12 | 13-15 || total
-------------------------+-------+-------+-------+-------+-------++-------
Melee: Trident           |    97 |   188 |   415 |   635 |    24 ||  1359
       Glaive            |       |       |       |   133 |   814 ||   947
       Constrict         |       |       |       |       |   186 ||   186
Invok: Slouch            |       |       |       |     4 |     8 ||    12
       Bend Time         |       |       |       |     4 |     2 ||     6
       Temporal Distorti |       |       |       |     4 |     2 ||     6
 Abil: Spit Poison       |       |     6 |    19 |    29 |     3 ||    57
Evoke: Wand              |       |       |       |       |     2 ||     2
  Use: Scroll            |       |     9 |    11 |     6 |    21 ||    47
       Potion            |       |     2 |     1 |     2 |     2 ||     7
 Stab: Distracted        |       |       |       |       |     2 ||     2
  Eat: Chunk             |       |     6 |    11 |    19 |    21 ||    57
       Fruit             |       |       |       |       |     1 ||     1
Armor: Scale mail        |    35 |    54 |   130 |   302 |   581 ||  1102
       Skin              |       |     1 |    32 |       |       ||    33
Dodge: Dodged            |    25 |    24 |    65 |   126 |   197 ||   437
Block: Shield            |    40 |    70 |   157 |   394 |       ||   661
       Reflection        |       |       |     2 |    27 |     1 ||    30
       Other             |       |       |       |    15 |    81 ||    96
